 Dungeon Crawl Stone Soup version 0.17-a0-1840-g87820a2 (webtiles) character file.

26096 konokrad666 the Unseen (level 13, -1/67 HPs)
             Began as a Vine Stalker Enchanter on Sept 12, 2015.
             Was a High Priest of Dithmenos.
             Slain by an eight-headed hydra (6 damage)
             ... on level 4 of the Lair of Beasts on Sept 16, 2015.
             The game lasted 03:03:26 (19237 turns).

konokrad666 the Unseen (Vine Stalker Enchanter)    Turns: 19237, Time: 03:03:40

Health: -1/67      AC:  8    Str: 11    XL:     13   Next: 23%
Magic:  0/23       EV: 15    Int: 22    God:    Dithmenos [*****.]
Gold:   905        SH:  0    Dex: 18    Spells: 6 memorised, 7 levels left

rFire  . . .     SeeInvis .     w - +2 dagger (venom)
rCold  . . .     Clarity  .     b - +1 robe
rNeg   + . .     SustAt   .     (no shield)
rPois  .         Gourm    .     L - +0 helmet
rElec  +         Spirit   +     R - +1 cloak
rCorr  .         Warding  .     D - +0 pair of gloves
rMut   +         Stasis   .     Z - +0 pair of boots
MR     +....                    U - amulet of resist mutation
Stlth  ++++++++++               l - +3 ring of intelligence
                                S - ring of Lugonu's Reproof {rElec rN+ Int+2}

@: wreathed by umbra, somewhat resistant to hostile enchantments, uncannily
stealthy
A: fangs 3, regeneration 3, magic shield, antimagic bite, no device heal 3, rot
immunity
a: Shadow Step, Shadow Form, Renounce Religion


You were on level 4 of the Lair of Beasts.
You worshipped Dithmenos.
Dithmenos was extremely pleased with you.
You were very hungry.

You visited 3 branches of the dungeon, and saw 16 of its levels.

You collected 905 gold pieces.

Inventory:

Hand weapons
 h - a +0 dagger of protection
 w - a +2 dagger of venom (weapon)
 P - a +1 dagger of speed
Missiles
 e - 21 poisoned needles (quivered)
 k - 6 silver javelins
 N - 2 throwing nets
 X - 6 curare-tipped needles
Armour
 b - a +1 robe (worn)
 D - a +0 pair of gloves (worn)
 F - a +0 shield
 L - a +0 helmet (worn)
 R - a +1 cloak (worn)
 Z - a +0 pair of boots (worn)
Jewellery
 g - an uncursed ring of positive energy
 l - a +3 ring of intelligence (right hand)
 G - an uncursed amulet of regeneration {unknown}
 S - the ring of Lugonu's Reproof (left hand) {rElec rN+ Int+2}
   (You took it off a centaur on level 6 of the Dungeon)

   [ring of positive energy]

   It affects your intelligence (+2).
   It insulates you from electricity.
   It protects you from negative energy.
 U - an amulet of resist mutation (around neck)
Magical devices
 j - a wand of paralysis (13)
 u - a wand of cold (8)
 H - a wand of paralysis (15)
 M - a wand of teleportation (6)
 V - a wand of frost (22)
Scrolls
 a - a scroll of acquirement {unknown}
 n - 9 scrolls of remove curse
 q - 2 scrolls of fear
 r - 7 scrolls of teleportation
 s - a scroll of amnesia {unknown}
 v - 7 scrolls of identify
 y - a scroll of enchant weapon {unknown}
 E - a scroll of enchant armour
Potions
 f - a potion of agility {unknown}
 o - a potion of degeneration {unknown}
 t - 6 potions of might
 x - a potion of resistance
 z - a potion of invisibility {unknown}
 J - 6 potions of curing
Books
 c - a book of Maledictions

   Spells                             Type                      Level
   a - Corona                         Hexes                        1
   b - Ensorcelled Hibernation        Hexes/Ice                    2
   c - Confuse                        Hexes                        3
   d - Tukima's Dance                 Hexes                        3
   e - Dazzling Spray                 Conjuration/Hexes            3
 A - a book of Callings

   Spells                             Type                      Level
   a - Summon Small Mammal            Summoning                    1
   b - Call Imp                       Summoning                    2
   c - Call Canine Familiar           Summoning                    3
   d - Summon Guardian Golem          Hexes/Summoning              3
   e - Summon Lightning Spire         Summoning/Air                4
   f - Summon Ice Beast               Ice/Summoning                4
 B - a book of Party Tricks

   Spells                             Type                      Level
   a - Summon Butterflies             Summoning                    1
   b - Apportation                    Translocation                1
   c - Tukima's Dance                 Hexes                        3
   d - Alistair's Intoxication        Transmutation/Poison         4
   e - Invisibility                   Hexes                        6
 O - a book of Transfigurations

   Spells                             Type                      Level
   a - Stoneskin                      Transmutation/Earth          2
   b - Irradiate                      Conjuration/Transmutation    5
   c - Statue Form                    Transmutation/Earth          6
   d - Hydra Form                     Transmutation                6
   e - Dragon Form                    Transmutation                7
 T - a book of Death

   Spells                             Type                      Level
   a - Corpse Rot                     Necromancy                   2
   b - Sublimation of Blood           Necromancy                   2
   c - Agony                          Necromancy                   5
   d - Dispel Undead                  Necromancy                   5
   e - Excruciating Wounds            Charms/Necromancy            5
   f - Bolt of Draining               Conjuration/Necromancy       5
Miscellaneous
 i - a plain deck of summoning
Comestibles
 d - 9 bread rations
 m - 2 beef jerkies
 p - a slice of pizza


   Skills:
 + Level 7.3 Fighting
 + Level 8.2 Short Blades
 + Level 4.6 Dodging
 + Level 16.1 Stealth
 + Level 6.3 Spellcasting
 + Level 9.9 Hexes
 * Level 5.6 Necromancy


You had 7 spell levels left.
You knew the following spells:

 Your Spells              Type           Power        Failure   Level  Hunger
a - Corona                Hex            ######.      1%          1    None
b - Ensorcelled Hibernat  Hex/Ice        ####..       1%          2    None
c - Confuse               Hex            ######..     1%          3    #......
d - Tukima's Dance        Hex            ######..     1%          3    #......
e - Dazzling Spray        Conj/Hex       ####....     3%          3    #......
f - Excruciating Wounds   Chrm/Necr      ###.......   85%         5    #####..


Dungeon Overview and Level Annotations

Branches:
Dungeon (11/15)            Temple (1/1) D:4            Lair (4/8) D:11
  Swamp (0/4) Lair:4          Orc (0/4) D:9
  Snake: Lair:3-6    Spider: Lair:3-6

Altars:
Ashenzari
Dithmenos
Fedhas
Gozag
Okawaru
Qazlal
Ru
Sif Muna
Trog
Vehumet
Xom
The Shining One
Beogh

Annotations:
D:3 Crazy Yiuf
Lair:2 exclusion: oklob plant


Innate Abilities, Weirdness & Mutations

You have razor-sharp teeth.
You regenerate.
When hurt, damage is shared between your health and your magic reserves.
Your bite disrupts and absorbs the magic of your enemies.
Potions and wands cannot restore your health.
You are immune to rotting.


Message History

The eight-headed hydra closely misses you.
Casting: Ensorcelled Hibernation
Confirm with . or Enter, or press ? or * to list all spells.
Aiming: Confuse
Press: ? - help, Shift-Dir - straight line, f - eight-headed hydra
Aim: an eight-headed hydra (lightly wounded, umbra, chance to defeat MR: 37%)
The eight-headed hydra resists with some effort.
The eight-headed hydra bites you! The eight-headed hydra bites you.
The eight-headed hydra bites you but does no damage.
The eight-headed hydra bites you!
The eight-headed hydra bites you but does no damage.
The eight-headed hydra bites you. The eight-headed hydra bites you!
The eight-headed hydra completely misses you.
The eight-headed hydra bites you. x3
* * * LOW HITPOINT WARNING * * *
The eight-headed hydra bites you!!
* * * LOW HITPOINT WARNING * * *
The eight-headed hydra barely misses you.
The eight-headed hydra bites you!
You die...

### ####.## ############ ###
#..#.P###..#.##.##.######..##.
................@.............
.##.##P.....###..DP...........
.######...P###..##......P..##. ##
.##.#......####.###.....###... #.
PP....P...##....###......#.....#.
....##.....#....P##.............#
....+...........###.............#
##....P...###...###..............
####..#...##.#####..........#P..#


You could see an eight-headed hydra.

Vanquished Creatures
  A hydra (Lair:3)
  3 death yaks
  Urug (D:10)
  A deep elf knight (D:9)
  Pikel (D:8)
  A hill giant (D:9)
  Joseph (D:9)
  A black mamba (Lair:4)
  11 spiny frogs
  3 komodo dragons
  A kobold demonologist (D:6)
  A queen bee (D:9)
  2 giant leeches (Lair:3)
  2 trolls (D:10)
  Prince Ribbit (D:7)
  3 blink frogs (Lair:1)
  2 wyverns
  A water elemental (D:11)
  22 yaks
  7 wolves (Lair:4)
  5 hippogriffs
  2 hungry ghosts
  A steam dragon (Lair:4)
  Menkaure (D:5)
  6 orc warriors
  3 porcupines
  7 water moccasins
  3 black bears
  7 ogres
  A wasp (Lair:4)
  3 ice beasts
  A sky beast (D:7)
  A slave (D:8)
  4 phantoms
  5 centaurs
  9 crocodiles
  A big kobold (D:10)
  A wyvern zombie (D:9)
  10 giant frogs
  2 scorpions (D:4)
  A water moccasin skeleton (D:9)
  23 killer bees
  3 wights (D:9)
  4 electric eels (D:11)
  5 crimson imps
  A centaur zombie (D:8)
  2 giant frog zombies
  5 orc priests
  6 hounds
  2 gnoll shamans (D:3)
  2 jellies
  A giant frog skeleton (D:9)
  5 orc wizards
  Natasha (twice) (D:3)
  7 iguanas
  A killer bee zombie (D:6)
  12 worker ants
  2 hell rats (Lair:3)
  7 sheep (Lair:3)
  A hound skeleton (D:5)
  42 gnolls
  69 river rats
  13 adders
  2 shadow imps (D:9)
  An ooze (D:2)
  4 adder skeletons
  4 worms (D:2)
  69 orcs
  7 bats
  7 giant cockroaches
  5 hobgoblins
  22 jackals
  7 kobolds
  6 quokkas
  3 ball pythons
  7 giant geckos
  A giant gecko skeleton (D:5)
  7 giant newts
  8 goblins
  A jackal skeleton (D:5)
  6 rats
522 creatures vanquished.

Vanquished Creatures (others)
  A hound zombie (D:8)
  4 fungi (Lair:4)
5 creatures vanquished.

Grand Total: 527 creatures vanquished

Notes
Turn   | Place    | Note
--------------------------------------------------------------
     0 | D:1      | konokrad666 the Vine Stalker Enchanter began the quest for the Orb.
     0 | D:1      | Reached XP level 1. HP: 9/9 MP: 4/4
   139 | D:1      | Reached skill level 4 in Stealth
   180 | D:1      | Reached XP level 2. HP: 10/13 MP: 6/6
   193 | D:1      | Learned a level 2 spell: Ensorcelled Hibernation
   709 | D:2      | Reached XP level 3. HP: 16/16 MP: 7/7
   851 | D:2      | Found an iron altar of Okawaru.
   971 | D:2      | Found an iron altar of Okawaru.
  1066 | D:2      | Reached skill level 5 in Stealth
  1284 | D:2      | Reached XP level 4. HP: 21/21 MP: 9/9
  1718 | D:3      | Noticed Crazy Yiuf
  2082 | D:3      | Noticed a sky beast
  2350 | D:2      | Reached skill level 6 in Stealth
  2350 | D:2      | Reached XP level 5. HP: 19/24 MP: 3/10
  3086 | D:3      | Gained mutation: You heal very quickly. [Vine Stalker growth]
  3086 | D:3      | Reached XP level 6. HP: 28/28 MP: 6/12
  3094 | D:3      | Noticed an ogre
  3157 | D:3      | Killed an ogre
  3157 | D:3      | Reached skill level 7 in Stealth
  3963 | D:3      | Reached XP level 7. HP: 32/32 MP: 8/13
  4009 | D:3      | Noticed Natasha
  4050 | D:3      | Killed Natasha
  4110 | D:3      | Reached skill level 8 in Stealth
  4348 | D:3      | Reached skill level 1 in Short Blades
  4704 | D:4      | Reached skill level 5 in Hexes
  5108 | D:3      | Noticed Natasha
  5128 | D:3      | Reached skill level 9 in Stealth
  5188 | D:3      | Killed Natasha
  5296 | D:4      | Gained mutation: You have razor-sharp teeth. [Vine Stalker growth]
  5296 | D:4      | Reached XP level 8. HP: 36/36 MP: 15/15
  5373 | D:4      | Found a staircase to the Ecumenical Temple.
  5390 | Temple   | Entered the Ecumenical Temple
  5398 | Temple   | Became a worshipper of Dithmenos the Shadowed
  5639 | D:5      | Entered Level 5 of the Dungeon
  5945 | D:5      | Reached skill level 10 in Stealth
  6035 | D:5      | Noticed Menkaure
  6063 | D:5      | Learned a level 3 spell: Confuse
  6067 | D:5      | Learned a level 3 spell: Tukima's Dance
  6071 | D:5      | Learned a level 3 spell: Dazzling Spray
  6283 | D:6      | Noticed a kobold demonologist
  6286 | D:6      | Killed a kobold demonologist
  6286 | D:6      | Reached skill level 1 in Fighting
  6334 | D:6      | Reached skill level 11 in Stealth
  6334 | D:6      | Reached XP level 9. HP: 40/42 MP: 10/16
  6537 | D:5      | Killed Menkaure
  6768 | D:6      | Found a bloodstained altar of Trog.
  7246 | D:6      | Found a blossoming altar of Fedhas.
  7250 | D:6      | Found a radiant altar of Vehumet.
  7260 | D:6      | Got a wavering turquoise ring
  7275 | D:6      | Identified the ring of Lugonu's Reproof {rElec rN+ Int+2} (You took it off a centaur on level 6 of the Dungeon)
  7314 | D:6      | Found a glowing golden altar of the Shining One.
  7861 | D:7      | Acquired Dithmenos's first power
  7951 | D:7      | Reached skill level 12 in Stealth
  8289 | D:7      | Reached XP level 10. HP: 49/49 MP: 17/17
  8307 | D:7      | Reached skill level 5 in Short Blades
  8317 | D:7      | Noticed Prince Ribbit
  8324 | D:7      | Killed Prince Ribbit
  8845 | D:8      | Found an opulent altar of Gozag.
  8853 | D:8      | Upgraded the game from 0.17-a0-1804-gf6433eb to 0.17-a0-1840-g87820a2
  8865 | D:8      | Noticed Pikel
  8867 | D:8      | Killed Pikel
  8867 | D:8      | Reached skill level 13 in Stealth
  9432 | D:9      | Acquired Dithmenos's second power
  9598 | D:9      | Found a roughly hewn altar of Beogh.
  9901 | D:9      | HP: 2/51 [killer bee (4)]
 10094 | D:9      | Noticed Joseph
 10097 | D:9      | Killed Joseph
 10169 | D:9      | Reached skill level 5 in Fighting
 10382 | D:9      | Reached XP level 11. HP: 55/55 MP: 16/18
 10412 | D:9      | Reached skill level 14 in Stealth
 10654 | D:9      | Found a staircase to the Orcish Mines.
 10663 | D:9      | Learned a level 5 spell: Excruciating Wounds
 10766 | D:9      | Acquired Dithmenos's third power
 11060 | D:9      | Reached skill level 1 in Necromancy
 11270 | D:9      | Found a shadowy altar of Dithmenos.
 11365 | D:9      | Noticed a deep elf knight
 11367 | D:9      | Killed a deep elf knight
 11732 | D:10     | Entered Level 10 of the Dungeon
 12404 | D:10     | Noticed Urug
 12438 | D:10     | Noticed a hill giant
 12683 | D:9      | Killed a hill giant
 12812 | D:10     | Killed Urug
 13522 | D:10     | Reached skill level 15 in Stealth
 13946 | D:11     | Found a staircase to the Lair.
 13956 | Lair:1   | Entered Level 1 of the Lair of Beasts
 14005 | Lair:1   | Gained mutation: You regenerate. [Vine Stalker growth]
 14005 | Lair:1   | Reached XP level 12. HP: 61/61 MP: 20/20
 14058 | Lair:1   | Reached skill level 5 in Spellcasting
 15853 | Lair:3   | Noticed an eight-headed hydra
 15858 | Lair:3   | Killed an eight-headed hydra
 16140 | Lair:3   | Found a labyrinth entrance.
 16537 | Lair:3   | Acquired Dithmenos's fourth power
 17206 | Lair:4   | Noticed an eight-headed hydra
 17250 | Lair:4   | Found a staircase to the Swamp.
 17650 | Lair:4   | Noticed a death yak
 17691 | Lair:4   | Noticed a death yak
 17942 | Lair:4   | Reached XP level 13. HP: 67/67 MP: 23/23
 18024 | Lair:4   | Reached skill level 16 in Stealth
 18024 | Lair:4   | Reached skill level 5 in Necromancy
 18119 | Lair:4   | Noticed a death yak
 18391 | Lair:4   | Killed a death yak
 18740 | Lair:3   | Killed a death yak
 18981 | Lair:3   | Killed a death yak
 19237 | Lair:4   | Slain by an eight-headed hydra

Vault maps used:
D:1:      nicolae_arrival_washed_ashore
D:2:      old_standard_altar, st_stairs_11, okawaru_gym_becter
D:3:      lemuel_castle_with_subvaults, minmay_misc_feat_roman,
          uniq_crazy_yiuf_cottage, uniq_natasha
D:4:      minmay_temple_entry_glassed_door, first_bread
D:5:      uniq_menkaure
D:6:      tso_metal_star, nicolae_overflow_hidden_temple, trog_ov_bears_minmay,
          hangedman_minor_gate_pass
D:7:      uniq_prince_ribbit1
D:8:      grunt_gozag_statues, uniq_pikel
D:9:      orc_0_dummy, basic_altar, special_room, david_nohive_1,
          nrook_mini_backslash, kennysheep_just_a_vault, uniq_joseph
D:10:     uniq_urug
D:11:     lair_0_dummy
Temple:   temple_eino_lava_12
Lair:1:   patterned_corridor
Lair:2:   minmay_lair_oklob_bushes
Lair:3:   kennysheep_rathole, lab_entry_generic
Lair:4:   minmay_swamp_entry_worms, st_stairs_13, beast_lair_carwin_2,
          infiniplex_staircase_pool

Action                   |  1- 3 |  4- 6 |  7- 9 | 10-12 | 13-15 || total
-------------------------+-------+-------+-------+-------+-------++-------
Melee: Dagger            |   126 |   116 |   358 |  1018 |    89 ||  1707
Throw: Throwing net      |       |       |       |     4 |       ||     4
 Cast: Ensorcelled Hiber |     5 |    78 |    58 |   178 |    11 ||   330
       Confuse           |       |       |    34 |    66 |     1 ||   101
       Corona            |       |       |     3 |     2 |       ||     5
       Dazzling Spray    |       |       |       |     6 |    22 ||    28
       Tukima's Dance    |       |       |       |     1 |       ||     1
Invok: Shadow Step       |       |       |       |     8 |       ||     8
  Use: Scroll            |       |     2 |       |     9 |       ||    11
       Potion            |       |       |       |     2 |       ||     2
 Stab: Sleeping          |    16 |    36 |    55 |   164 |     9 ||   280
       Distracted        |     1 |     1 |       |     1 |       ||     3
       Confused          |       |       |    14 |    33 |       ||    47
       Held in net/web   |       |       |       |     1 |       ||     1
       Invisible         |       |       |       |     2 |     3 ||     5
  Eat: Chunk             |     1 |    11 |    18 |    37 |     3 ||    70
